 Dungeon Crawl Stone Soup version 0.32-a0-666-ge8a88695a4 (webtiles) character file.

Game seed: 13827633105653919400

163 hikkokomori the Trooper (level 5, 0/42 HPs)
             Began as a Coglin Berserker on Mar 9, 2024.
             Was a Believer of Trog.
             Killed from afar by Ijyb (10 damage)
             ... with a bolt of light
             ... on level 3 of the Dungeon.
             The game lasted 00:04:04 (1795 turns).

hikkokomori the Trooper (Coglin Berserker)          Turns: 1795, Time: 00:04:04

Health: 0/42       AC:  2    Str: 24    XL:     5   Next: 44%
Magic:  5/5        EV: 12    Int:  6    God:    Trog [**....]
Gold:   115        SH:  0    Dex: 14    Spells: 4/4 levels left

rFire   + . .        h - +2 hand axe "Lousk" {venom, rF+ rN+ Str+5}
rCold   . . .        f - +1 short sword (speed) {Haoran}
rNeg    + . .        b - +0 animal skin
rPois   .            (no helmet)
rElec   .            (no cloak)
rCorr   .            (no gloves)
SInv    .            (no boots)
Will    .....        (amulet unavailable)
Stlth   +            (ring unavailable)
HPRegen 0.27/turn    (ring unavailable)
MPRegen 0.09/turn    (no gizmo)

%: no passive effects
@: on berserk cooldown, slowed, revving, very slow
A: off-hand wielding, slow wielding, warmup strikes, no jewellery
a: Invent Gizmo, Renounce Religion, Berserk, Trog's Hand


You were on level 3 of the Dungeon.
You worshipped Trog.
Trog was pleased with you.
You visited 1 branch of the dungeon, and saw 3 of its levels.

You collected 115 gold pieces.

Inventory:

Hand Weapons
 a - a +0 hand axe {Yuxuan}
 c - a +0 dagger {Santiago}
 e - a +0 war axe
 f - a +1 short sword of speed (offhand) {Haoran}
 g - a +0 spear of venom
 h - the +2 hand axe "Lousk" (weapon) {venom, rF+ rN+ Str+5}
   (You found it on level 2 of the Dungeon)

   Str+5:     It affects your strength (+5).
   rF+:       It protects you from fire.
   rN+:       It protects you from negative energy.
Missiles
 o - 2 javelins (quivered)
Armour
 b - a +0 animal skin (worn)
Scrolls
 i - a scroll of fog {unknown}
 j - 2 scrolls of torment {unknown}
 k - a scroll of enchant armour {unknown}
 l - a scroll of noise {unknown}
 m - a scroll of identify {unknown}
 n - a scroll of brand weapon {unknown}


   Skills:
 + Level 4.1 Fighting
 + Level 2.1 Short Blades
 + Level 4.1 Axes
 - Level 2.0 Armour
 - Level 2.0 Dodging


You had 4 spell levels left.
You didn't know any spells.
Your spell library was empty.

Dungeon Overview and Level Annotations

Branches:
Dungeon (3/15)

Altars:

Annotations:
D:3 Ijyb


Innate Abilities, Weirdness & Mutations

You can wield a second weapon in your off-hand.
It takes a long time for you to wield or remove held weapons.
Your first few attacks do less damage.
You cannot equip rings or amulets.


Message History

You feel yourself slow down.
You feel sick.
Okay, then.
It was a potion of curing.
You feel better.
Sigmund hits you from afar with a +4 scythe of flaming!
Sigmund burns you.
Ijyb the Inquisitive comes into view.
She is wielding a +0 club and carrying a wand of light.
Ijyb shouts!
Sigmund mumbles some strange words.
Sigmund flickers and vanishes!
Deactivating autopickup; reactivate with Ctrl-A.
Ijyb grins evilly.
You hear a zap.
A puff of flame appears from out of thin air!
The puff of flame hits you. You resist.
You closely miss something with your +1 short sword of speed.
You miss something with the +2 hand axe "Lousk".
You hear a zap.
A puff of flame appears from out of thin air!
The puff of flame misses you.
You closely miss something with your +1 short sword of speed.
You hit something with the +2 hand axe "Lousk".
You hear some strange, mumbled words.
You are confused.
Ijyb zaps a wand.
The bolt of light hits something!
The bolt of light hits you!
* * * LOW HITPOINT WARNING * * *
You hear some strange, mumbled words.
A magic dart appears from out of thin air!
The magic dart hits you.
* * * LOW HITPOINT WARNING * * *
You are too confused!
You feel better.
Ijyb zaps a wand.
The bolt of light hits something!
Reactivating autopickup.
You feel a bit more experienced. The bolt of light hits you!
You are confused.
* * * LOW HITPOINT WARNING * * *
Your Short Blades skill increases to level 2!
You are too confused!
You feel better.
Ijyb zaps a wand.
The bolt of light hits you!
You die...
Ijyb screams, "Time for next experiment!"

#.........#####(...
#.........#
#..†......## .....
...#..
#..........##
#..###.###.(# .
#..# #.# #..# ..
##..# #.####.## ...
....# #.†.....###
...# ....#
######....###.....
....# #....@)......
....# ##.##....g...
##### #...........
##.####..... #...
#.##. .....# ...
.##. ... # # ..


You could see Ijyb.

Vanquished Creatures
  3 gnolls (D:2)
  2 adders
  A dart slug (D:3)
  2 ribbon worms (D:2)
  7 endoplasms
  4 giant cockroaches
  9 goblins
  10 hobgoblins
  3 kobolds
  8 quokkas
  2 ball pythons (D:2)
  4 bats
  4 frilled lizards
  7 rats
66 creatures vanquished.

Vanquished Creatures (others)
  Sigmund (D:3)
1 creature vanquished.

Grand Total: 67 creatures vanquished

Notes
Turn   | Place    | Note
-------+----------+-------------------------------------------
     0 | D:1      | hikkokomori the Coglin Berserker began the quest for the
                  | Orb.
     0 | D:1      | Reached XP level 1. HP: 18/18 MP: 1/1
    69 | D:1      | Reached XP level 2. HP: 22/24 MP: 2/2
   296 | D:1      | Reached XP level 3. HP: 29/29 MP: 3/3
   298 | D:1      | Reached ** piety under Trog
   696 | D:1      | Reached skill level 1 in Short Blades
  1059 | D:2      | Identified the +2 hand axe "Lousk" {venom, rF+ rN+ Str+5}
  1115 | D:2      | Reached XP level 4. HP: 28/37 MP: 4/4
  1780 | D:3      | Noticed Sigmund
  1785 | D:3      | Reached XP level 5. HP: 33/42 MP: 5/5
  1791 | D:3      | Noticed Ijyb
  1794 | D:3      | Killed Sigmund
  1794 | D:3      | HP: 1/42 [Ijyb/bolt of light (15)]
  1795 | D:3      | Killed from afar by Ijyb

Illustrated notes

Levels and vault maps discovered:
D:1:      minmay_arrival_glassed_features, layout_loops_ring, st_stairs_8
D:2:      layout_loops_ring
D:3:      layout_rooms, nicolae_ru_great_annihilating_truth, uniq_ijyb,
          uniq_crazy_yiuf_cottage, uniq_robin, uniq_sigmund

Skill      XL: |  1  2  3  4  5 |
---------------+----------------+-----
Armour         | 2 |  2.0
Dodging        | 2 |  2.0
Short Blades   | 1 2 |  2.1
Fighting       | 4 |  4.1
Axes           | 4 |  4.1

Action                     |  1- 3 |  4- 6 || total
---------------------------+-------+-------++-------
  Melee: Dagger            |    33 |       ||    33
         Hand axe          |    73 |    42 ||   115
         Short sword       |    34 |    41 ||    75
 Invoke: Berserk           |     1 |     1 ||     2
    Use: Potion            |       |     3 ||     3
   Stab: Sleeping          |     1 |     3 ||     4
         Distracted        |       |     1 ||     1
 Armour: Animal skin       |    32 |    20 ||    52
  Dodge: Dodged            |    46 |    18 ||    64

Table legend: (Time is in decaauts)
 A = Elapsed time spent in this place.
 B = Non-inter-level travel time spent in this place.
 C = Inter-level travel time spent in this place.
 D = Time resting spent in this place.
 E = Time spent auto-exploring this place.
 F = Levels seen in this place.
 G = Mean time per level.
                   A        B        C        D        E       F      G
               +--------+--------+--------+--------+--------+-----+--------+
         Total |   1793 |   1729 |     64 |      0 |   1345 |   3 |  597.7 |
       Dungeon |   1793 |   1729 |     64 |      0 |   1345 |   3 |  597.7 |
               +--------+--------+--------+--------+--------+-----+--------+

Top non-repeatable levels by time:
     D:1: 870 daAuts
     D:2: 782 daAuts
     D:3: 140 daAuts
